 Dungeon Crawl Stone Soup version 0.31.0-32-g396128a36d (webtiles) character file.

Game seed: 5691914856705326722

4228 mainiacjoe the Summoner (level 10, -15/64 HPs)
             Began as an Octopode Summoner on Mar 28, 2024.
             Was a Believer of Kikubaaqudgha.
             Engulfed by a cloud of flame (36 damage)
             ... on level 7 of the Dungeon.
             The game lasted 00:27:54 (7705 turns).

mainiacjoe the Summoner (Octopode Summoner)         Turns: 7705, Time: 00:27:57

Health: -15/64     AC:  3    Str:  9    XL:     10   Next: 30%
Magic:  8/14       EV: 14    Int: 21    God:    Kikubaaqudgha [**....]
Gold:   881        SH:  6    Dex: 12    Spells: 2/15 levels left

rFire   . . .        a - +6 falchion of Action {flame, rC+}
rCold   + . .        g - +1 buckler
rNeg    . . .        m - +2 hat {Stlth+}
rPois   +            (no amulet)
rElec   .            v - ring of poison resistance
rCorr   .            (no ring)
SInv    .            (no ring)
Will    .....        (no ring)
Stlth   ++++         (no ring)
HPRegen 0.30/turn    (no ring)
MPRegen 0.14/turn    (no ring)
                     (no ring)

%: no passive effects
@: inugami summoned
A: almost no armour, amphibious, 8 rings, camouflage 1, gelatinous body 1,
(nimble swimmer 1), tentacles
a: Renounce Religion, Unearth Wretches


You were on level 7 of the Dungeon.
You worshipped Kikubaaqudgha.
Kikubaaqudgha was pleased with you.
You visited 2 branches of the dungeon, and saw 8 of its levels.

You collected 1493 gold pieces.
You spent 612 gold pieces at shops.

Inventory:

Hand Weapons
 a - the +6 falchion of Action (weapon) {flame, rC+}
   (You found it on level 7 of the Dungeon)

   rC+:       It protects you from cold.
 b - a +2 sling of freezing
 c - a +0 club
 e - a +0 short sword
 f - a +0 vampiric dagger
 r - the +6 mace of Pride {heavy, Str+6}
   (You found it on level 2 of the Dungeon)

   Str+6:     It affects your strength (+6).
 t - a +1 short sword of speed
 x - a +0 rapier
 A - the +6 dagger "Biuttaqa" {flame, rC- Str+4 SInv Stlth+}
   (You found it on level 3 of the Dungeon)

   Str+4:     It affects your strength (+4).
   rC-:       It makes you vulnerable to cold.
   SInv:      It lets you see invisible.
   Stlth+:    It makes you more stealthy.
Missiles
 d - 89 stones
 h - 2 boomerangs
 j - 11 poisoned darts
 p - 4 javelins
 w - 2 throwing nets {=F}
Armour
 g - a +1 buckler (worn)
 m - a +2 hat of stealth (worn)
Magical Staves
 k - the staff of Xocoenog {rC+ rN+ Necro}
   (You acquired it on level 2 of the Dungeon)

   [staff of death]

   Base accuracy: +5 Base damage: 5 Base attack delay: 1.2 This weapon's minimum
   attack delay (0.6) is reached at skill level 12.
   rC+:       It protects you from cold.
   rN+:       It protects you from negative energy.
   Necro:     It increases the power of your Necromancy spells.
   It falls into the 'Staves' category.
   It is a one-tentacled weapon.
Jewellery
 v - a ring of poison resistance (left tentacle)
Wands
 i - a wand of quicksilver (4)
 y - a wand of iceblast (4)
 B - a wand of mindburst (12)
 D - a wand of charming (7)
Scrolls
 E - a scroll of vulnerability {unknown}
Potions
 l - a potion of enlightenment
 n - a potion of invisibility {unknown}
 o - 2 potions of ambrosia
 q - 2 potions of curing
 s - a potion of heal wounds
 u - a potion of magic
 z - 2 potions of might
 C - a potion of mutation {unknown}


   Skills:
 + Level 4.2 Fighting
 + Level 4.8 Dodging
 - Level 2.6 Stealth
 - Level 5.0 Shields
 - Level 3.0 Spellcasting
 - Level 10.0 Summonings
 - Level 2.3 Necromancy
 - Level 5.0 Fire Magic
 - Level 5.0 Air Magic


You had 2 spell levels left.
You knew the following spells:

 Your Spells              Type           Power      Damage    Failure   Level
a - Summon Blazeheart Go  Fire/Summ      34%        N/A       9%          4
b - Call Imp              Summ           90%        N/A       1%          2
c - Call Canine Familiar  Summ           45%        N/A       1%          3
d - Summon Lightning Spi  Summ/Air       34%        N/A       9%          4

Your spell library contained the following spells:

 Spells                   Type           Power      Damage    Failure   Level
 Summon Small Mammal      Summ           100%       N/A       1%          1
 Necrotise                Necr           52%        1d6       8%          1
 Cigotuvi's Dreadful Rot  Necr/Alch/Air  26%        N/A       11%         2
 Kiss of Death            Conj/Necr      32%        2d7       12%         1
 Apportation              Tloc           6%         N/A       19%         1
 Sting                    Conj/Alch      12%        1d3       19%         1
 Fugue of the Fallen      Necr           13%        N/A       22%         3
 Ozocubu's Armour         Ice            3%         N/A       50%         3
 Sigil of Binding         Hex            3%         N/A       50%         3
 Animate Dead             Necr           13%        N/A       58%         4
 Dimensional Bullseye     Hex/Tloc       1%         N/A       88%         4
 Manifold Assault         Tloc           3%         N/A       88%         4


Dungeon Overview and Level Annotations

Branches:
Dungeon (7/15)             Temple (1/1) D:5

Altars:
Ashenzari
Cheibriados
Dithmenos
Elyvilon
Fedhas
Gozag
Hepliaklqana
Kikubaaqudgha
Makhleb
Nemelex Xobeh
Okawaru
Qazlal
Ru
Sif Muna
Trog
Uskayaw
Vehumet
Wu Jian
Xom
Yredelemnul
Zin
The Shining One

Shops:
D:7 *

Annotations:
D:5 2 transporters, seawaffle's ghost, amateur MiBe
D:6 1 runed translucent door, Yoho's ghost, novice MiBe
D:7 Jeremiah


Innate Abilities, Weirdness & Mutations

You cannot wear most types of armour.
You are amphibious.
You can wear up to eight rings at the same time.
Your skin changes colour to match your surroundings (Stealth+).
Your rubbery body absorbs attacks. (AC +1, EV +1)
((You are camouflaged when in or above water. (Stealth+)))
You have tentacles for arms and can constrict up to eight enemies at once.


Message History

The tengu conjurer casts a spell at you.
The bolt of lightning hits you!
The tree burns like a torch!
Casting: Call Canine Familiar (safe; 1% risk of failure)
Confirm with . or Enter, or press ? or * to list all spells.
A fiery spirit appears, bound in slag iron.
Your inugami hits the tengu conjurer.
You block the tengu conjurer's attack. x2
The tengu conjurer claws you but does no damage.
Unknown command.
Your inugami looks up at you expectantly.
Your inugami barely misses the tengu conjurer.
The tengu conjurer attacks as it pursues you!
The tengu conjurer barely misses you. The tengu conjurer pecks you.
The tengu conjurer closely misses you.
Your blazeheart golem is engulfed in blazing flames.
You slash the tengu conjurer! You burn the tengu conjurer.
Your grab misses the tengu conjurer.
The tengu conjurer is heavily wounded.
Your inugami misses the tengu conjurer.
Your blazeheart golem barely misses the tengu conjurer.
The tengu conjurer barely misses you. The tengu conjurer pecks you.
The tengu conjurer claws you.
Your inugami completely misses the tengu conjurer.
The forest fire spreads!
You swap places.
The tengu conjurer hits you but does no damage.
The tengu conjurer pecks you. The tengu conjurer closely misses you.
Unknown command.
You closely miss the tengu conjurer. Your grab misses the tengu conjurer.
You squeeze the tengu conjurer.
The tengu conjurer is severely wounded.
Your blazeheart golem punches the tengu conjurer.
The tengu conjurer misses you. You block the tengu conjurer's attack.
The tengu conjurer claws you but does no damage.
You slash the tengu conjurer! You burn the tengu conjurer.
You kill the tengu conjurer!
Kikubaaqudgha accepts your kill.
The battlesphere dissipates.
You are engulfed in blazing flames.
Ouch! That really hurt!
You die...
Kikubaaqudgha rasps: "You have failed me!
Welcome... death!"

##..#♣.♣♣.# ### ##)## ### #♣...♣
##...#.♣♣♣.# ♣.♣ #...#♣♣.♣♣#...).
#....#.♣.[[♣♣♣.♣♣♣.[.♣♣...♣♣..P..
#......♣......♣..'<8>').......~..
#....#♣♣.♣♣♣♣♣.♣♣♣...♣♣...♣♣.P.P.
#....#♣.♣♣ ♣.♣ #...#♣♣.♣♣#.....
#....#♣♣.♣♣ ######'## ### #♣...♣
##...# ♣♣.♣#♣♣♣♣9†☼♣♣ ♣♣.♣♣
##...# ♣♣.#♣.♣♣@♣h♣ ♣.♣ #....#
♣♣.♣#.♣.♣§§§♣ ♣.♣ #....#
♣.♣♣#♣♣♣.§§♣†♣ ♣.♣ .....#######
♣♣§♣♣..♣ ### ...........# ### .##
###### #..........# (# #.....
#..........# ## #...##
..#......### #...# .#########.#
#...#


You could see a friendly blazeheart golem (summoned).

Vanquished Creatures
  An ugly thing (D:7)
  A tengu conjurer (D:7)
  A troll (D:7)
  A hornet (D:7)
  A wraith (D:7)
  Eustachio (D:5)
  A water moccasin (D:6)
  A sky beast (D:7)
  2 ice beasts
  4 centaurs
  2 bullfrogs
  A scorpion (D:3)
  A howler monkey (D:7)
  A crimson imp (D:6)
  2 bombardier beetles
  A hound (D:5)
  An orc priest (D:3)
  3 iguanas
  A sleepcap (D:4)
  2 orc wizards (D:7)
  2 gnolls (D:4)
  4 adders
  A white imp (D:7)
  7 orcs
  5 bats
  8 endoplasms
  4 giant cockroaches
  4 goblins
  5 hobgoblins
  2 quokkas
  7 ball pythons
  A frilled lizard (D:3)
  A hobgoblin zombie (D:6)
  3 kobolds (D:3)
  3 rats
86 creatures vanquished.

Vanquished Creatures (collateral kills)
  Sigmund (D:4)
  2 steam dragons
  A vampire mosquito (D:7)
  2 sky beasts (D:7)
  5 ogres
  A black bear (D:5)
  A phantom (D:6)
  A kobold brigand (D:7)
  A scorpion (D:5)
  A wight (D:7)
  2 hounds
  A jelly (D:6)
  An orc priest (D:4)
  An iguana (D:6)
  Terence (D:3)
  2 sleepcaps (D:7)
  5 gnolls
  4 ribbon worms
  2 dart slugs (D:1)
  6 orcs
  4 endoplasms
  2 giant cockroaches
  3 hobgoblins
  4 kobolds
  2 quokkas
  4 ball pythons
  A goblin (D:1)
  A goblin skeleton (D:6)
  A goblin zombie (D:6)
  A kobold skeleton (D:6)
  3 kobold zombies (D:6)
  An orc skeleton (D:6)
  2 orc zombies (D:6)
  2 rats
72 creatures vanquished.

Vanquished Creatures (others)
  2 orcs (D:6)
  4 blazeheart cores
6 creatures vanquished.

Grand Total: 164 creatures vanquished

Notes
Turn   | Place    | Note
-------+----------+-------------------------------------------
     0 | D:1      | mainiacjoe the Octopode Summoner began the quest for the
                  | Orb.
     0 | D:1      | Reached XP level 1. HP: 11/11 MP: 3/3
    85 | D:1      | Reached skill level 1 in Shields
    85 | D:1      | Reached XP level 2. HP: 15/17 MP: 1/5
    88 | D:1      | Learned a level 2 spell: Call Imp
   588 | D:1      | Reached XP level 3. HP: 21/21 MP: 3/6
   592 | D:1      | Learned a level 3 spell: Call Canine Familiar
   619 | D:1      | Found a faded altar of an unknown god.
   898 | D:2      | Identified the +6 mace of Pride {heavy, Str+6}
   961 | D:2      | Reached XP level 4. HP: 27/27 MP: 4/7
   990 | D:2      | Identified 3 scrolls of acquirement
   990 | D:2      | Acquired the staff of Xocoenog {rC+ rN+ Necro}
  1143 | D:2      | Acquired 1149 gold pieces
  1144 | D:2      | Acquired a +1 hat of stealth
  1784 | D:3      | Identified the +6 dagger "Biuttaqa" {flame, rC- Str+4 SInv
                  | Stlth+}
  1805 | D:3      | Reached skill level 5 in Summonings
  1807 | D:3      | Reached XP level 5. HP: 25/31 MP: 2/8
  2005 | D:3      | Noticed Terence
  2052 | D:3      | Killed Terence
  2462 | D:3      | Reached XP level 6. HP: 30/36 MP: 9/9
  2864 | D:4      | Found a hide-covered altar of Uskayaw.
  2865 | D:4      | Found an ancient bone altar of Kikubaaqudgha.
  2869 | D:4      | Became a worshipper of Kikubaaqudgha
  3242 | D:4      | Noticed Sigmund
  3260 | D:4      | Killed Sigmund
  3261 | D:4      | Reached skill level 6 in Summonings
  3261 | D:4      | Reached skill level 1 in Necromancy
  3261 | D:4      | Reached XP level 7. HP: 41/41 MP: 1/10
  3716 | D:4      | Reached * piety under Kikubaaqudgha
  3716 | D:4      | Received a gift from Kikubaaqudgha
  3999 | D:5      | Entered Level 5 of the Dungeon
  4046 | D:5      | Noticed Eustachio
  4062 | D:5      | Found a transporter.
  4081 | D:5      | Killed Eustachio
  4082 | D:5      | Reached skill level 5 in Shields
  4082 | D:5      | Reached skill level 7 in Summonings
  4105 | D:5      | Found a staircase to the Ecumenical Temple.
  4114 | Temple   | Entered the Ecumenical Temple
  4209 | D:5      | Identified the +6 spear "Ivuggon" {venom, rC+ Will+ Str-3
                  | Stlth+}
  4262 | D:5      | Reached XP level 8. HP: 46/46 MP: 11/11
  4317 | D:5      | Reached skill level 8 in Summonings
  4317 | D:5      | Reached skill level 1 in Fire Magic
  4322 | D:5      | Learned a level 4 spell: Summon Blazeheart Golem
  4436 | D:5      | Noticed seawaffle's ghost (amateur MiBe)
  4714 | D:5      | Found a transporter.
  5066 | D:6      | Found a glowing golden altar of the Shining One.
  5091 | D:6      | Reached skill level 5 in Fire Magic
  5091 | D:6      | Reached skill level 1 in Air Magic
  5134 | D:6      | Reached XP level 9. HP: 12/51 MP: 8/13
  5711 | D:6      | Reached ** piety under Kikubaaqudgha
  5712 | D:6      | Reached skill level 5 in Air Magic
  5717 | D:6      | Learned a level 4 spell: Summon Lightning Spire
  5767 | D:6      | Found a runed translucent door.
  5767 | D:6      | Noticed Yoho's ghost (novice MiBe)
  5808 | D:6      | Found an iron altar of Okawaru.
  5808 | D:6      | Found a shimmering altar of Xom.
  6188 | D:7      | Identified the +6 falchion of Action {flame, rC+}
  6294 | D:7      | Noticed a brown ugly thing
  6306 | D:7      | Killed a brown ugly thing
  6307 | D:7      | Reached skill level 9 in Summonings
  6640 | D:7      | Noticed Jeremiah
  6664 | D:7      | Noticed a troll
  6671 | D:7      | Killed a troll
  6672 | D:7      | Reached skill level 10 in Summonings
  6672 | D:7      | Reached skill level 1 in Fighting
  6737 | D:7      | Noticed a hornet
  6740 | D:7      | Reached XP level 10. HP: 60/60 MP: 5/14
  7042 | D:7      | HP: 2/63 [vampire mosquito (12)]
  7298 | D:7      | Found Zemou's Assorted Antiques.
  7308 | D:7      | Bought a wand of quicksilver (4) for 453 gold pieces
  7308 | D:7      | Bought a smoky dark potion for 24 gold pieces
  7308 | D:7      | Bought a gold wand for 108 gold pieces
  7308 | D:7      | Bought a scroll labelled ROIFRA YGROPTE for 27 gold pieces
  7705 | D:7      | Engulfed by a cloud of flame

Illustrated notes

Levels and vault maps discovered:
D:1:      wander_arrival_peaceful_grave, layout_basic,
          hellmonk_ecumenical_altar_slurped_away
D:2:      layout_rooms, minmay_misc_feat_doors
D:3:      minmay_chambers_of_threes, layout_loops_corners, uniq_terence
D:4:      layout_basic, nicolae_overflow_two_pavilions, uniq_sigmund
D:5:      layout_cave_pools, minmay_temple_entry_waves,
          gammafunk_ghost_gnarly_gnolls, nrook_pool_corridor, uniq_eustachio
D:6:      layout_basic, nicolae_tso_besieged_by_evil,
          gammafunk_temple_overflow_elements, gammafunk_ghost_grave,
          minmay_circle_x
D:7:      nzn_winding_woodlands_stair_cross [nzn_winding_woodlands_5x15_crooked,
          nzn_winding_woodlands_center_triple_pond,
          nzn_winding_woodlands_5x15_river_crossing,
          nzn_winding_woodlands_5x5_cross, nzn_winding_woodlands_5x5_open_star,
          nzn_winding_woodlands_5x15_jagged, nzn_winding_woodlands_center_lodge,
          nzn_winding_woodlands_5x15_garden], layout_rooms, serial_shops, shop,
          uniq_jeremiah, uniq_menkaure
Temple:   sentei_temple_godly_chess

Skill      XL: |  1  2  3  4  5  6  7  8  9 10 |
---------------+-------------------------------+-----
Shields        | 1 2 3 4 5 |  5.0
Summonings     | 5 6 7 8 10 | 10.0
Necromancy     | 1 2 |  2.3
Fire Magic     | 5 |  5.0
Spellcasting   | 3 |  3.0
Air Magic      | 2 5 |  5.0
Fighting       | 2 4 |  4.2
Dodging        | 3 4 |  4.8
Stealth        | |  2.6

Action                     |  1- 3 |  4- 6 |  7- 9 | 10-12 || total
---------------------------+-------+-------+-------+-------++-------
  Melee: Unarmed           |     4 |       |       |       ||     4
         Constrict         |     5 |    10 |    22 |     4 ||    41
         Tentacles         |     3 |     9 |    22 |     7 ||    41
         Dagger            |    21 |    39 |    59 |       ||   119
         Short sword       |     1 |       |       |       ||     1
         Mace              |     2 |    15 |       |       ||    17
         Punch             |     1 |       |     1 |       ||     2
         Falchion          |       |       |    15 |    24 ||    39
   Fire: Sling             |       |       |     7 |       ||     7
  Throw: Dart              |       |       |       |     1 ||     1
   Cast: Summon Small Mamm |    23 |     6 |    12 |     2 ||    43
         Call Imp          |     3 |     7 |    17 |     2 ||    29
         Call Canine Famil |     1 |    10 |    20 |     3 ||    34
         Summon Blazeheart |       |       |     5 |     2 ||     7
         Summon Lightning  |       |       |       |     5 ||     5
  Evoke: Wand              |       |       |     1 |       ||     1
    Use: Scroll            |     2 |     7 |     4 |     4 ||    17
         Potion            |       |       |     1 |     2 ||     3
   Stab: Sleeping          |     6 |    13 |    11 |       ||    30
         Distracted        |     1 |       |       |     3 ||     4
 Armour: Skin              |     8 |    23 |    48 |    44 ||   123
  Dodge: Dodged            |    15 |    13 |    24 |    24 ||    76
  Block: Buckler           |     5 |    12 |    16 |    15 ||    48
